[ AOE2 MATCH · #507126583 ]
UnrankedTatars vs Burgundians
Player's team · LOSS
[ REPLAY ANALYSIS · EXTRACTED FROM THE RECORDED GAME ]
Feudal
10:39
Castle
24:07
Imperial
38:40
| APM avg | 69.9 |
| APM peak | 130 |
| eAPM avg | 28.8 |
| Villagers / military | 157 / 223 |
Focus
⚔️ 42.7% · 🌾 57.3%
Cavalry Archer ×88 · Scout Cavalry ×72 · Archer ×44 · Militia ×9 · Mangonel ×8 · Monk ×2
Feudal
10:06
Castle
21:28
Imperial
36:09
| APM avg | 63.9 |
| APM peak | 106 |
| eAPM avg | 34.7 |
| Villagers / military | 158 / 215 |
Focus
⚔️ 49.1% · 🌾 50.9%
Skirmisher ×120 · Knight ×45 · Coustillier ×18 · Archer ×11 · Flemish Militia ×9 · Trebuchet (Packed) ×4
Match map
Initial resources + every placement click. Lines = walls · curves = elevation contours. ◆ gold · ⬟ stone · ● berries · ✦ relic · ◌ wall gap
Your base· ✓ Closed at 24:07 · 34t walls · no gate
hK | Keno_'s base· Open — opponent sealed themselves in
Smoothed initial terrain · ◌ = detected wall gap · hover for details
Inputs per minute
— Scotty - - hK | Keno_
Build order — Scotty
First 150 of 583 actions detected
| 0:01 | Queue | Villager (Male) ×4 |
| 0:03 | Build | House |
| 0:04 | Build | House |
| 1:27 | Queue | Villager (Male) |
| 1:27 | Queue | Villager (Male) |
| 2:02 | Queue | Villager (Male) |
| 2:03 | Queue | Villager (Male) |
| 2:21 | Queue | Villager (Male) |
| 2:21 | Queue | Villager (Male) |
| 2:43 | Queue | Villager (Male) |
| 2:43 | Queue | Villager (Male) |
| 2:47 | Build | Barracks |
| 3:03 | Queue | Villager (Male) |
| 3:04 | Queue | Villager (Male) |
| 3:24 | Build | House |
| 3:32 | Queue | Villager (Male) |
| 3:32 | Queue | Villager (Male) |
| 3:57 | Queue | Villager (Male) |
| 4:06 | Queue | Militia |
| 4:06 | Queue | Militia |
| 4:07 | Queue | Militia |
| 4:08 | Build | House |
| 4:22 | Queue | Militia |
| 4:22 | Queue | Militia |
| 4:24 | Queue | Villager (Male) |
| 4:24 | Queue | Villager (Male) |
| 4:46 | Queue | Militia |
| 4:46 | Queue | Militia |
| 5:06 | Queue | Villager (Male) |
| 5:06 | Queue | Villager (Male) |
| 5:29 | Queue | Villager (Male) |
| 5:29 | Queue | Villager (Male) |
| 5:46 | Build | House |
| 5:53 | Queue | Villager (Male) |
| 5:53 | Queue | Villager (Male) |
| 6:16 | Queue | Villager (Male) |
| 6:37 | Queue | Villager (Male) |
| 7:06 | Build | Lumber Camp |
| 7:14 | Queue | Villager (Male) |
| 7:16 | Research | Loom |
| 7:16 | Research | Loom |
| 8:03 | Queue | Villager (Male) |
| 8:19 | Research | Feudal Age |
| 8:19 | Research | Feudal Age |
| 8:48 | Build | Mining Camp |
| 9:13 | Queue | Villager (Male) |
| 9:17 | Build | House |
| 9:34 | Queue | Militia |
| 9:34 | Queue | Militia |
| 9:42 | Build | Mill |
| 9:56 | Queue | Villager (Male) |
| 10:27 | Queue | Villager (Male) |
| 10:39 | Age | Feudal Age |
| 10:42 | Research | Man-at-Arms (upgrade) |
| 10:42 | Research | Man-at-Arms (upgrade) |
| 10:44 | Queue | Villager (Male) |
| 10:47 | Build | Archery Range |
| 11:33 | Queue | Villager (Male) |
| 11:46 | Queue | Villager (Male) |
| 11:51 | Queue | Archer |
| 11:51 | Queue | Archer |
| 11:51 | Queue | Archer |
| 11:52 | Build | House |
| 11:57 | Queue | Villager (Male) |
| 11:58 | Build | Farm |
| 12:10 | Build | House |
| 12:10 | Build | House |
| 12:12 | Build | Palisade Wall |
| 12:15 | Build | Farm |
| 12:20 | Research | Double-Bit Axe |
| 12:20 | Research | Double-Bit Axe |
| 12:21 | Queue | Villager (Male) |
| 12:21 | Queue | Archer |
| 12:21 | Queue | Archer |
| 12:23 | Build | House |
| 12:33 | Build | Farm |
| 12:44 | Build | Palisade Wall |
| 12:46 | Queue | Archer |
| 12:46 | Queue | Archer |
| 12:47 | Queue | Villager (Male) |
| 12:47 | Queue | Villager (Male) |
| 13:00 | Build | Palisade Wall |
| 13:02 | Queue | Villager (Male) |
| 13:26 | Queue | Villager (Male) |
| 13:27 | Queue | Archer |
| 13:27 | Queue | Archer |
| 13:30 | Build | House |
| 13:31 | Build | Palisade Wall |
| 13:36 | Build | Farm |
| 13:38 | Build | Farm |
| 13:38 | Queue | Villager (Male) |
| 13:38 | Queue | Villager (Male) |
| 14:01 | Queue | Villager (Male) |
| 14:02 | Build | Blacksmith |
| 14:09 | Queue | Archer |
| 14:09 | Queue | Archer |
| 14:09 | Queue | Archer |
| 14:26 | Queue | Villager (Male) |
| 14:53 | Research | Fletching |
| 14:53 | Research | Fletching |
| 14:54 | Queue | Archer |
| 15:03 | Build | House |
| 15:10 | Queue | Villager (Male) |
| 15:13 | Build | House |
| 15:17 | Build | Stable |
| 15:24 | Queue | Villager (Male) |
| 15:26 | Build | House |
| 15:31 | Build | Farm |
| 15:33 | Queue | Archer |
| 15:33 | Queue | Archer |
| 15:33 | Queue | Archer |
| 15:49 | Queue | Villager (Male) |
| 16:00 | Build | House |
| 16:03 | Build | Farm |
| 16:04 | Build | Farm |
| 16:04 | Queue | Villager (Male) |
| 16:11 | Queue | Scout Cavalry |
| 16:16 | Build | Palisade Wall |
| 16:24 | Queue | Villager (Male) |
| 16:26 | Build | Farm |
| 16:46 | Queue | Archer |
| 16:48 | Queue | Scout Cavalry |
| 16:48 | Queue | Scout Cavalry |
| 17:02 | Queue | Villager (Male) |
| 17:04 | Queue | Archer |
| 17:04 | Queue | Archer |
| 17:13 | Queue | Archer |
| 17:17 | Build | Farm |
| 17:17 | Build | Farm |
| 17:22 | Queue | Archer |
| 17:22 | Queue | Archer |
| 17:27 | Build | Farm |
| 17:28 | Queue | Villager (Male) |
| 17:30 | Build | House |
| 17:32 | Build | Palisade Wall |
| 17:34 | Queue | Scout Cavalry |
| 17:34 | Queue | Scout Cavalry |
| 17:45 | Build | House |
| 17:47 | Queue | Villager (Male) |
| 17:47 | Queue | Villager (Male) |
| 17:47 | Queue | Villager (Male) |
| 17:50 | Build | Palisade Wall |
| 17:52 | Build | Farm |
| 17:54 | Queue | Villager (Male) |
| 18:00 | Queue | Scout Cavalry |
| 18:00 | Queue | Scout Cavalry |
| 18:00 | Queue | Scout Cavalry |
| 18:04 | Queue | Villager (Male) |
| 18:04 | Queue | Villager (Male) |
| 18:06 | Queue | Archer |
Build order — hK | Keno_
First 150 of 580 actions detected
| 0:02 | Queue | Villager (Male) |
| 0:02 | Queue | Villager (Male) |
| 0:02 | Queue | Villager (Male) |
| 0:03 | Build | House |
| 0:04 | Build | House |
| 0:07 | Queue | Villager (Male) |
| 0:08 | Queue | Villager (Male) |
| 1:25 | Build | Lumber Camp |
| 1:26 | Queue | Villager (Male) |
| 2:02 | Queue | Villager (Male) |
| 2:22 | Queue | Villager (Male) |
| 2:45 | Queue | Villager (Male) |
| 2:45 | Queue | Villager (Male) |
| 3:22 | Queue | Villager (Male) |
| 3:27 | Build | House |
| 3:43 | Queue | Villager (Male) |
| 3:59 | Queue | Villager (Male) |
| 4:23 | Queue | Villager (Male) |
| 4:52 | Queue | Villager (Male) |
| 5:07 | Queue | Villager (Male) |
| 5:17 | Research | Loom |
| 5:36 | Queue | Villager (Male) |
| 5:56 | Queue | Villager (Male) |
| 5:56 | Research | Loom |
| 6:06 | Build | Palisade Wall |
| 6:07 | Build | Palisade Wall |
| 6:08 | Build | Palisade Wall |
| 6:09 | Build | Palisade Wall |
| 6:13 | Build | Palisade Wall |
| 6:14 | Build | Palisade Wall |
| 6:48 | Build | House |
| 6:53 | Build | Barracks |
| 7:16 | Queue | Villager (Male) |
| 7:56 | Research | Feudal Age |
| 8:05 | Build | Mill |
| 8:19 | Build | Palisade Wall |
| 8:20 | Build | Palisade Wall |
| 8:20 | Build | Palisade Wall |
| 8:22 | Build | Palisade Wall |
| 8:23 | Build | Palisade Wall |
| 8:48 | Build | Palisade Wall |
| 8:54 | Build | Palisade Wall |
| 8:55 | Build | Palisade Wall |
| 8:58 | Build | Palisade Wall |
| 9:14 | Build | Mining Camp |
| 9:20 | Research | Double-Bit Axe |
| 9:38 | Research | Horse Collar |
| 9:43 | Build | House |
| 9:58 | Build | Farm |
| 9:59 | Build | Farm |
| 10:01 | Queue | Villager (Male) |
| 10:06 | Age | Feudal Age |
| 10:08 | Queue | Flemish Militia |
| 10:08 | Queue | Flemish Militia |
| 10:09 | Queue | Flemish Militia |
| 10:11 | Queue | Villager (Male) |
| 10:29 | Build | Archery Range |
| 10:30 | Queue | Villager (Male) |
| 10:42 | Queue | Flemish Militia |
| 10:42 | Queue | Flemish Militia |
| 10:58 | Queue | Villager (Male) |
| 10:58 | Queue | Villager (Male) |
| 11:20 | Build | House |
| 11:35 | Queue | Villager (Male) |
| 11:37 | Build | House |
| 11:46 | Queue | Villager (Male) |
| 11:49 | Build | Farm |
| 11:50 | Build | Farm |
| 12:06 | Build | Farm |
| 12:12 | Queue | Archer |
| 12:13 | Queue | Villager (Male) |
| 12:26 | Queue | Skirmisher |
| 12:38 | Build | House |
| 12:39 | Build | House |
| 12:39 | Queue | Villager (Male) |
| 12:46 | Build | Farm |
| 12:55 | Queue | Archer |
| 12:56 | Queue | Villager (Male) |
| 13:00 | Build | Farm |
| 13:34 | Build | Blacksmith |
| 13:40 | Queue | Villager (Male) |
| 13:41 | Queue | Archer |
| 13:43 | Queue | Villager (Male) |
| 13:56 | Build | Farm |
| 14:07 | Queue | Archer |
| 14:10 | Build | Palisade Wall |
| 14:20 | Build | Farm |
| 14:24 | Research | Fletching |
| 14:25 | Queue | Skirmisher |
| 14:30 | Queue | Villager (Male) |
| 14:39 | Queue | Skirmisher |
| 14:58 | Queue | Archer |
| 15:03 | Queue | Villager (Male) |
| 15:04 | Build | Farm |
| 15:16 | Build | Farm |
| 15:20 | Build | Farm |
| 15:26 | Queue | Villager (Male) |
| 15:30 | Build | House |
| 15:31 | Build | Farm |
| 15:41 | Queue | Archer |
| 15:42 | Queue | Villager (Male) |
| 15:59 | Build | Farm |
| 16:07 | Build | Farm |
| 16:14 | Queue | Villager (Male) |
| 16:25 | Queue | Archer |
| 17:03 | Build | House |
| 17:07 | Queue | Villager (Male) |
| 17:07 | Queue | Archer |
| 17:22 | Queue | Villager (Male) |
| 17:28 | Build | Farm |
| 17:30 | Build | Farm |
| 17:34 | Queue | Skirmisher |
| 17:55 | Queue | Skirmisher |
| 17:57 | Queue | Villager (Male) |
| 18:16 | Queue | Villager (Male) |
| 18:23 | Build | Palisade Wall |
| 18:27 | Build | Palisade Wall |
| 18:48 | Research | Castle Age |
| 18:50 | Queue | Skirmisher |
| 18:59 | Build | House |
| 19:01 | Queue | Archer |
| 19:11 | Build | Palisade Gate |
| 19:32 | Queue | Flemish Militia |
| 19:46 | Queue | Archer |
| 19:47 | Queue | Flemish Militia |
| 19:50 | Build | House |
| 19:53 | Build | Palisade Wall |
| 20:00 | Queue | Skirmisher |
| 20:01 | Queue | Flemish Militia |
| 20:17 | Queue | Flemish Militia |
| 20:25 | Research | Bow Saw |
| 20:27 | Queue | Skirmisher |
| 20:35 | Queue | Skirmisher |
| 21:01 | Queue | Skirmisher |
| 21:16 | Queue | Skirmisher |
| 21:28 | Age | Castle Age |
| 21:30 | Queue | Villager (Male) |
| 21:31 | Queue | Skirmisher |
| 21:33 | Queue | Villager (Male) |
| 21:36 | Build | Town Center |
| 21:40 | Queue | Villager (Male) |
| 21:53 | Queue | Skirmisher |
| 22:11 | Queue | Skirmisher |
| 22:15 | Queue | Villager (Male) |
| 22:16 | Build | Stable |
| 22:16 | Build | Farm |
| 22:21 | Queue | Spearman |
| 22:23 | Queue | Villager (Male) |
| 22:24 | Build | Farm |
| 22:25 | Research | Two-Man Saw |
Match timeline
| 2:47 | Scotty · first_building Barracks |
| 6:06 | hK | Keno_ · wall_segment Palisade Wall x1 |
| 6:07 | hK | Keno_ · wall_segment Palisade Wall x1 |
| 6:08 | hK | Keno_ · wall_segment Palisade Wall x1 |
| 6:09 | hK | Keno_ · wall_segment Palisade Wall x1 |
| 6:13 | hK | Keno_ · wall_segment Palisade Wall x1 |
| 6:14 | hK | Keno_ · wall_segment Palisade Wall x1 |
| 6:53 | hK | Keno_ · first_building Barracks |
| 8:19 | hK | Keno_ · wall_segment Palisade Wall x1 |
| 8:20 | hK | Keno_ · wall_segment Palisade Wall x1 |
| 8:20 | hK | Keno_ · wall_segment Palisade Wall x1 |
| 8:22 | hK | Keno_ · wall_segment Palisade Wall x1 |
| 8:23 | hK | Keno_ · wall_segment Palisade Wall x1 |
| 8:48 | hK | Keno_ · wall_segment Palisade Wall x1 |
| 8:54 | hK | Keno_ · wall_segment Palisade Wall x1 |
| 8:55 | hK | Keno_ · wall_segment Palisade Wall x1 |
| 8:58 | hK | Keno_ · wall_segment Palisade Wall x1 |
| 10:06 | hK | Keno_ · age_up feudal |
| 10:29 | hK | Keno_ · first_building Archery Range |
| 10:39 | Scotty · age_up feudal |
| 10:47 | Scotty · first_building Archery Range |
| 12:12 | Scotty · wall_segment Palisade Wall x1 |
| 12:44 | Scotty · wall_segment Palisade Wall x1 |
| 13:00 | Scotty · wall_segment Palisade Wall x4 |
| 13:31 | Scotty · wall_segment Palisade Wall x6 |
| 14:10 | hK | Keno_ · wall_segment Palisade Wall x9 |
| 15:17 | Scotty · first_building Stable |
| 16:16 | Scotty · wall_segment Palisade Wall x12 |
| 17:32 | Scotty · wall_segment Palisade Wall x4 |
| 17:50 | Scotty · wall_segment Palisade Wall x6 |
| 18:23 | hK | Keno_ · wall_segment Palisade Wall x15 |
| 18:27 | hK | Keno_ · wall_segment Palisade Wall x5 |
| 19:53 | hK | Keno_ · wall_segment Palisade Wall x3 |
| 21:28 | hK | Keno_ · age_up castle |
| 22:16 | hK | Keno_ · first_building Stable |
| 24:07 | Scotty · age_up castle |
| 25:10 | Scotty · first_building Siege Workshop |
| 26:49 | hK | Keno_ · first_building Siege Workshop |
| 30:45 | hK | Keno_ · first_market_buy 100 stone |
| 31:30 | hK | Keno_ · first_building Castle |
| 32:08 | Scotty · first_building Castle |
| 34:40 | Scotty · first_market_buy 100 food |
| 34:55 | hK | Keno_ · first_building Monastery |
| 36:09 | hK | Keno_ · age_up imperial |
| 38:40 | Scotty · age_up imperial |
| 42:31 | Scotty · first_building Monastery |
| 43:46 | hK | Keno_ · wall_segment Stone Wall x7 |
| 44:16 | hK | Keno_ · wall_segment Stone Wall x1 |
| 49:10 | Scotty · resign |
[ AI ANALYSIS · 1 CREDIT ]
What really happened in this match?
Wolo.gg analyzes every decision: build order, eco, micro, common mistakes by bracket. Personalized analysis on WhatsApp or Discord in 30 seconds.
Civ guide
Tatars
Perfil
Jugador #301918